Lain, chaotic female orcish Barbarian ------- |.....| |.....---- |...<.....#### |........| # .........| ### q -----.---- # ------ @## ##.....| ## |....| #### |....| ## ### |....| ####################%###.....| # ## ------ ###-+-- #-... |>.. .... ---- Lain the Brigand Experience level: 10 Strength: 18 Dexterity: 16 Constitution: 18 Intelligence: 7 Wisdom: 9 Charisma: 7 Health: 0(101) Energy: 14(14) Def: 9 Gold: 0 Moves: 8983 Dungeon seed: 3EnL-LLvQo1Z8VZM Game ID: Lain_1435842163 Your Inventory: Weapons a - a very corroded +0 battle-axe (weapon in hands) Armor e - a blessed +0 orcish ring mail (being worn) q - a cursed -1 pair of elven boots y - an uncursed +0 dwarvish cloak (being worn) z - an uncursed +0 dwarvish iron helm (being worn) N - an uncursed +0 pair of iron shoes (being worn) Y - a cursed -2 pair of gauntlets of power Comestibles o - an uncursed tripe ration P - an uncursed lizard corpse Rings m - a cursed -1 ring of adornment Wands d - a wand of digging (0:5) f - a wand of locking (0:3) r - a wand of make invisible (0:5) A - a wand of cold (0:4) I - a wand of cancellation (0:7) M - a wand of sleep (0:7) Tools c - an uncursed stethoscope h - an uncursed bag of holding k - an uncursed skeleton key t - an uncursed magic whistle Contents of the bag of holding: 1472 gold pieces 2 uncursed K-rations 5 uncursed food rations 17 uncursed lumps of royal jelly 3 uncursed slime molds an uncursed tin of yellow mold an uncursed tripe ration 2 uncursed scrolls of amnesia an uncursed scroll of confuse monster an uncursed scroll of create monster a blessed scroll of destroy armor a cursed scroll of destroy armor an uncursed scroll of earth a cursed scroll of earth an uncursed scroll of enchant armor 3 uncursed scrolls of enchant weapon an uncursed scroll of fire a blessed scroll of genocide an uncursed scroll of identify a cursed scroll of identify an uncursed scroll of remove curse a cursed scroll of remove curse 4 uncursed scrolls of teleportation an uncursed potion of blindness a cursed potion of enlightenment 2 cursed potions of extra healing a cursed potion of gain ability a blessed potion of gain energy 2 uncursed potions of gain energy a cursed potion of invisibility an uncursed potion of paralysis an uncursed potion of restore ability an uncursed potion of sleeping 4 uncursed potions of water an uncursed ring of cold resistance an uncursed ring of cold resistance a cursed ring of free action a cursed -2 ring of gain constitution an uncursed ring of invisibility an uncursed ring of levitation an uncursed ring of searching an uncursed ring of slow digestion a wand of light (0:12) a wand of probing (0:5) a wand of slow monster (0:7) 4 uncursed tallow candles (0:200) a cursed tallow candle (0:200) an uncursed tin whistle 5 blessed wax candles (0:400) an uncursed wooden flute 3 uncursed worthless pieces of blue glass an uncursed worthless piece of green glass 2 uncursed worthless pieces of orange glass an uncursed worthless piece of red glass 2 uncursed worthless pieces of yellow glass 2 uncursed worthless pieces of yellowish brown glass Spells known in the end: Name Level Category Fail Memory Your skills at the end: Fighting Skills bare handed combat [Basic] Weapon Skills axe [Expert] short sword [Basic] Spellcasting Skills Final Attributes: You were piously aligned. You were fire resistant. You were sleep resistant. You were poison resistant. You saw invisible. You were telepathic. You had infravision. You were invisible to others. You were protected. You were fast. You were lucky. You are dead. Vanquished creatures: an ettin a queen bee 2 giant mimics 2 stalkers a fire elemental 3 small mimics a quantum mechanic a troll a gelatinous cube 2 shocking spheres a dwarf king a mountain centaur 4 soldiers an incubus a chameleon a quivering blob a cockatrice 5 wolves 2 winter wolf cubs 2 iron piercers 3 giant spiders a dwarf mummy an ogre 2 brown puddings a yeti a gold golem a werewolf 2 lizards a chickatrice a dog 2 dingos 4 jaguars 2 dust vortices a raven a plains centaur 2 snakes 2 apes 2 Woodland-elves a soldier ant 3 fire ants 6 bugbears a wood nymph 2 fog clouds 2 yellow lights 3 shriekers 2 violet fungi 10 gnome lords 3 gnomish wizards a kobold mummy a gray ooze a straw golem a little dog 2 floating eyes 5 kittens 8 dwarves a homunculus 2 kobold lords 2 kobold shamans a hill orc 3 rothes 2 giant bats 2 monkeys 3 orc zombies a wererat 6 iguanas 36 killer bees 4 acid blobs 4 coyotes a gas spore 3 hobbits 7 large kobolds 11 hobgoblins 2 cave spiders 6 yellow molds a green mold a red mold 23 gnomes 11 manes 5 gnome zombies 6 geckos 5 jackals 2 foxen 4 goblins 6 sewer rats 2 grid bugs 5 bats 2 lichens 2 kobold zombies 6 newts 294 creatures vanquished. Voluntary challenges: You had followed a strict vegan diet until turn 1830. You had followed a strict vegetarian diet until turn 1830. You used a wielded weapon 492 times, starting on turn 69. You read items or engraved 30 times, starting on turn 604. You never genocided any monsters. You never polymorphed an object. You never changed form. You completed Sokoban on turn 5945, according to the rules. You used no wishes. You split 1 pudding, starting on turn 1795. You wrote Elbereth's name 27 times, starting on turn 604. You never violated your personal moral code. Dungeon overview: The Dungeons of Doom: levels 1 to 21 Level 1 an altar to Set a long staircase Level 2 an altar to Crom, a fountain Level 3 a sink Level 4 a weapon shop, an altar to Mitra, a fountain stairs to The Gnomish Mines Level 5 a fountain Level 6 a general store, a fountain Level 7 Level 8 stairs to Sokoban Level 9 Level 10 some fountains Level 11 a fountain, a sink Level 12 a fountain Level 13 Level 14 (quest) a temple to Crom, a fountain portal to The Quest Level 15 Level 16 Level 17 Level 18 Level 19 a general store, a fountain, a sink Level 20 <- You were here Level 21 The Gnomish Mines: levels 5 to 7 Level 5 stairs to The Dungeons of Doom Level 6 Level 7 some shops, a temple to Mitra, some fountains The Quest: Level 1 portal to The Dungeons of Doom Sokoban: levels 4 to 7 Level 4 Level 5 Level 6 Level 7 stairs to The Dungeons of Doom History has recorded: On T:1 you entered the Dungeons of Doom to retrieve the Amulet of Yendor! On T:82 you reached level 2 of The Dungeons of Doom. On T:223 you reached level 3 of The Dungeons of Doom. On T:437 you reached level 4 of The Dungeons of Doom. On T:617 you advanced to experience level 2. On T:665 you advanced to experience level 3. On T:680 you reached level 5 of The Dungeons of Doom. On T:719 you reached level 1 of The Gnomish Mines. On T:720 you advanced to experience level 4. On T:887 you advanced to experience level 5. On T:1003 you reached level 2 of The Gnomish Mines. On T:1244 you reached level 3 of The Gnomish Mines. On T:1306 you advanced to experience level 6. On T:2157 you advanced to experience level 7. On T:2319 you reached level 6 of The Dungeons of Doom. On T:2347 you reached level 7 of The Dungeons of Doom. On T:2813 you reached level 8 of The Dungeons of Doom. On T:2919 you reached level 9 of The Dungeons of Doom. On T:2998 you reached level 4 of Sokoban. On T:3604 you reached level 3 of Sokoban. On T:3909 you advanced to experience level 8. On T:4250 you reached level 2 of Sokoban. On T:4559 you reached level 1 of Sokoban. On T:5945 you entered the Sokoban zoo. On T:6305 you reached level 10 of The Dungeons of Doom. On T:6504 you reached level 11 of The Dungeons of Doom. On T:6832 you advanced to experience level 9. On T:7077 you reached level 12 of The Dungeons of Doom. On T:7428 you reached level 13 of The Dungeons of Doom. On T:7510 you reached level 14 of The Dungeons of Doom. On T:7646 you reached level 15 of The Dungeons of Doom. On T:7876 you reached level 1 of The Quest. On T:8033 you reached level 16 of The Dungeons of Doom. On T:8114 you reached level 17 of The Dungeons of Doom. On T:8331 you advanced to experience level 10. On T:8445 you reached level 18 of The Dungeons of Doom. On T:8502 you reached level 19 of The Dungeons of Doom. On T:8895 you reached level 20 of The Dungeons of Doom. On T:8961 you reached level 21 of The Dungeons of Doom. Score breakdown: Gold: 1472 (10777 points) Experience: 10 levels (16712 points) Exploration: 21 levels ( 42.86%) (19364 points) Discoveries: 19 items ( 7.69%) ( 8320 points) Valuables value: (no points given unless you survive) Artifact value: 0 ( 0 points) Variety of kills: 89 monsters ( 23.48%) (14537 points) Time penalty: 8983 turns (-2220 points) Survival: died (score multiplied by 80%) Total score: 53992 Latest messages: Your movements are now unencumbered. You put an uncursed ring called 15 ruby into the bag called holding. You put an uncursed ring called 2 gold into the bag called holding. You put a potion called 2 gold into the bag called holding. You put an uncursed potion called 1 sky blue into the bag called holding. You put 2 cursed potions called 1 swirly into the bag called holding. You put 2 uncursed potions called 15 puce into the bag called holding. You put a cursed potion called 15 white into the bag called holding. You put a ring called 15 iv (unpaid, 225 zorkmids) into the bag called holding. You have a little trouble removing T - 2 cursed potions called 1 swirly. You have a little trouble removing G - a blessed potion called 15 puce. You have a little trouble removing W - 2 uncursed potions called 15 puce. You have a little trouble removing X - a cursed potion called 15 white. You have a little trouble removing Z - an uncursed diamond ring. You have a little trouble removing c - an uncursed gold ring. You have a little trouble removing g - an uncursed opal ring. You have a little trouble removing i - an uncursed ruby ring. You have a little trouble removing m - an uncursed ruby ring. You have a little trouble removing j - an uncursed wooden ring. Your movements are slowed slightly because of your load. You smite the baluchitherium! The baluchitherium hits! (2x) You die... Final status: Goodbye Lain the Barbarian, killed by a baluchitherium... You died in The Dungeons of Doom on dungeon level 20 with 53992 points, and 1472 pieces of gold, after 8983 moves. You were level 10 with a maximum of 101 hit points when you died.